 Dungeon Sprint DCSS version 0.28.0-53-g5a82cb258f (webtiles) character file.

Game seed: 11756716288063261175

7 Groucho the Scratcher (level 1, -1/13 HPs)
             Began as a Felid Transmuter on June 6, 2022.
             Killed from afar by an orc wizard (6 damage)
             ... with a puff of flame
             ... in the Dungeon (Sprint IX: "|||||||||||||||||||||||||||||").
             The game lasted 00:00:22 (352 turns).

Groucho the Scratcher (Felid Transmuter)             Turns: 352, Time: 00:00:22

Health: -1/13      AC:  1    Str:  6    XL:     1   Next: 83%
Magic:  4/4        EV: 18    Int: 14    God:
Gold:   0          SH:  0    Dex: 16    Spells: 3/4 levels left
                                        Lives:  0   Deaths: 0

rFire   . . .      SeeInvis +     - Unarmed
rCold   . . .      Faith    .   (shield unavailable)
rNeg    . . .      Spirit   .   (armour unavailable)
rPois   .          Reflect  .   (helmet unavailable)
rElec   .          Harm     .   (cloak unavailable)
rCorr   .          Rampage  .   (gloves unavailable)
Will    .....      NoTele   +   (boots unavailable)
Stlth   ..........              (no amulet)
HPRegen 0.04/turn               (no ring)
MPRegen 0.09/turn               (no ring)

@: berserking, very quick
A: very small, claws 1, fangs 3, see invisible, speed 1, shaggy fur 1, stealthy
paws, no weapons or thrown items, no armour, multi-lived
a: no special abilities


You were in the Dungeon.
You visited 1 branch

Inventory:

Scrolls
 f - a scroll of blinking
Potions
 b - a potion of heal wounds
 c - a potion of haste
 d - 2 potions of magic


   Skills:
 * Level 1.8 Fighting
 * Level 3.4 Dodging
 * Level 2.2 Stealth
 * Level 3.4 Unarmed Combat
 + Level 2.2 Spellcasting
 + Level 2.5 Transmutations


You had 3 spell levels left.
You knew the following spells:

 Your Spells              Type           Power      Damage    Failure   Level
a - Beastly Appendage     Tmut           16%        N/A       9%          1

Your spell library contained the following spells:

 Spells                   Type           Power      Damage    Failure   Level
 Wereblood                Tmut           8%         N/A       13%         2
 Spider Form              Tmut/Pois      5%         N/A       38%         3
 Ice Form                 Ice/Tmut       5%         N/A       80%         4


Dungeon Overview and Level Annotations

Branches:
Dungeon (1/1)

Altars:


Innate Abilities, Weirdness & Mutations

You have sharp claws.
You have razor-sharp teeth.
You have supernaturally acute eyesight. (SInv)
You cover ground quickly. (Speed+)
You are covered in fur. (AC +1)
Your paws help you pounce on unaware monsters.
You are incapable of wielding weapons or throwing items.
You cannot wear armour.
You gain extra lives every three experience levels.


Message History

HP restored.
You start waiting.
Done waiting.
You start waiting.
Done waiting.
As you open the door, it creaks loudly!
A dart slug, an ice beast, 2 orcs and a quokka come into view.
The orc wizard shouts!
The orc shouts!
You closely miss the quokka. The quokka misses you. x2
You closely miss the quokka. You bite the quokka, but do no damage.
The quokka bites you.
You miss the quokka. The quokka misses you.
You barely miss the quokka. The quokka closely misses you.
The orc wizard casts a spell.
The orc wizard flickers and vanishes for a moment.
You feel better. The quokka misses you.
You scratch the quokka.
The quokka is lightly wounded.
The quokka closely misses you.
You scratch the quokka but do no damage.
The quokka is lightly wounded.
The quokka bites you but does no damage.
The quokka misses you.
You scratch the quokka.
You kill the quokka!
You scratch the orc wizard but do no damage.
The orc wizard misses you.
You scratch the orc wizard.
The orc wizard is lightly wounded.
The orc wizard hits you with a +0 dagger.
A red film seems to cover your vision as you go berserk!
You feel yourself moving faster!
You feel mighty!
The orc wizard hits you with a +0 dagger.
You barely miss the orc wizard. Your bite misses the orc wizard.
The orc wizard is lightly wounded.
You claw the orc wizard!
The orc wizard is almost dead.
The orc wizard casts a spell at you. The puff of flame hits you.
You die... ▓▓▓▓▓▓▓▓▓▓▓▓▓▓▓▓▓▓ +..woYo@...÷)...<▓ ▓▓▓▓▓▓▓▓▓▓▓▓▓▓▓▓▓▓

You could see an ice beast, an orc wizard (invisible), a dart slug and an orc.

Vanquished Creatures
  A hobgoblin (D)
  A jackal (D)
  A kobold (D)
  A quokka (D)
  2 rats (D)
6 creatures vanquished.

Notes
Turn   | Place    | Note
-------+----------+-------------------------------------------
     0 | D        | Groucho the Felid Transmuter began the quest for the Orb.
     0 | D        | Reached XP level 1. HP: 9/9 MP: 4/4
    11 | D        | Reached skill level 1 in Stealth
   339 | D        | Noticed an ice beast
   339 | D        | Noticed an orc wizard
   352 | D        | Killed from afar by an orc wizard

Illustrated notes

Levels and vault maps discovered:
D:        linesprint [early_d, line_temple, items_1, d_10, items_2, lair_1,
          lair_end, items_3, orc_1, orc_end, items_4, d_15, swamp_1, shoals_1,
          snake_1, spider_1, d_20, vaults_1, items_5, swamp_end, shoals_end,
          snake_end, spider_end, vaults_end, d_27, items_6, zot_1, zot_end,
          crypt_end, forest_end, elf_end, slime_end, tomb_end, abyss_end,
          pan_hell_end]

Skill      XL: |  1 |
---------------+----+-----
Dodging        | 3 |  3.4
Stealth        | 2 |  2.2
Fighting       | |  1.8
Unarmed Combat | |  3.4
Spellcasting   | |  2.2
Transmutations | |  2.5

Action                   || total
-------------------------++-------
Melee: Unarmed           ||    25
       Bite              ||     1
  Use: Potion            ||     2
Armor: Skin              ||     2
Dodge: Dodged            ||    15
